 Dungeon Crawl Stone Soup version 0.23.2-1-ga50397a (webtiles) character file.

Game seed: 17347883158469055494

23 Iscandelvey the Vexing (level 2, -1/21 HPs)
             Began as a Demonspawn Arcane Marksman on Apr 17, 2019.
             Slain by a goblin (2 damage)
             ... on level 1 of the Dungeon.
             The game lasted 00:00:39 (375 turns).

Iscandelvey the Vexing (Demonspawn Arcane Marksman)  Turns: 375, Time: 00:00:40

Health: -1/21      AC:  2    Str: 10    XL:     2   Next: 72%
Magic:  3/3        EV: 12    Int: 14    God:
Gold:   8          SH:  0    Dex: 13    Spells: 2/3 levels left

rFire    . . .     SeeInvis .   a - +0 hand crossbow
rCold    . . .     Gourm    .   (no shield)
rNeg     . . .     Faith    .   e - +0 robe
rPois    .         Spirit   .   (no helmet)
rElec    .         Reflect  .   (no cloak)
rCorr    .         Harm     .   (no gloves)
MR       .....                  (no boots)
Stlth    ++........             (no amulet)
HPRegen  0.07/turn              (no ring)
MPRegen  0.08/turn              (no ring)

@: no status effects
A: nightstalker 1
a: no special abilities


You were on level 1 of the Dungeon.
You were not hungry.

You visited 1 branch of the dungeon, and saw 1 of its levels.

You collected 8 gold pieces.

Inventory:

Hand Weapons
 a - a +0 hand crossbow (weapon)
Armour
 e - a +0 robe (worn)
Jewellery
 h - an uncursed amulet of regeneration {unknown}
Scrolls
 b - a scroll of teleportation {unknown}
 g - a scroll of identify {unknown}
Potions
 c - a potion of might {unknown}
Comestibles
 f - 4 rations


   Skills:
 + Level 1.0 Fighting
 + Level 2.3 Crossbows
 + Level 2.0 Dodging
 + Level 1.0 Spellcasting
 + Level 3.4 Hexes


You had 2 spell levels left.
You knew the following spells:

 Your Spells              Type           Power        Failure   Level  Hunger
a - Corona                Hex            ##.....      6%          1    ##.....

Your spell library contained the following spells:

 Spells                   Type           Power        Failure   Level  Hunger
 Slow                     Hex            ##......     10%         2    ###....
 Inner Flame              Hex/Fire       #.......     36%         3    ####...
 Portal Projectile        Hex/Tloc       #.....       36%         3    ####...
 Cause Fear               Hex            ##........   54%         4    #####..
 Leda's Liquefaction      Hex/Erth       #.........   78%         4    #####..


Dungeon Overview and Level Annotations

Branches:
Dungeon (1/15)

Altars:


Innate Abilities, Weirdness & Mutations

You are slightly more attuned to the shadows.


Message History

The bat hits you but does no damage. The hobgoblin closely misses you.
The goblin barely misses you.
Firing (i - inventory)
d - 2 bolts (quivered)
Press: ? - help, Shift-Dir - straight line, f/p - hobgoblin
Aim: a hobgoblin, wielding a +0 club You shoot a bolt.
The bolt closely misses the hobgoblin.
The bat barely misses you. The hobgoblin hits you with a +0 club.
* * * LOW HITPOINT WARNING * * *
The goblin closely misses you. The hobgoblin hits you with a +0 club.
* * * LOW HITPOINT WARNING * * *
The goblin barely misses you.
Firing (i - inventory)
d - a bolt (quivered)
Press: ? - help, Shift-Dir - straight line, f/p - hobgoblin
Aim: a hobgoblin, wielding a +0 club You shoot a bolt.
The bolt barely misses the hobgoblin.
The bat hits you.
* * * LOW HITPOINT WARNING * * *
The bat hits you.
* * * LOW HITPOINT WARNING * * *
The bat misses you. The hobgoblin misses you. The goblin hits you.
You die...

#######.....#
#.....## # #.#.###
#....†.. #.#.((..#
#.......
#.#.....###
#....... .((.(....
.......... #..(..#
######....
#(gg..####....#..†.
#(@†...............
#.#b#.####....#....
#.#†#....#....#....
#.#.#....#....#....
#.#†#.####.##.##+##
#.#........##.##.#
#.#.....#####.##.#
#.....#####.##.##
#................


You could see a hobgoblin, a goblin and a bat.

Vanquished Creatures
  A dart slug (D:1)
  2 bats (D:1)
  A goblin (D:1)
  A hobgoblin (D:1)
  5 jackals (D:1)
  4 kobolds (D:1)
  A ball python (D:1)
  A frilled lizard (D:1)
  3 rats (D:1)
19 creatures vanquished.

Notes
Turn   | Place    | Note
-------+----------+-------------------------------------------
     0 | D:1      | Iscandelvey the Demonspawn Arcane Marksman began the quest
                  | for the Orb.
     0 | D:1      | Reached XP level 1. HP: 15/15 MP: 2/2
   109 | D:1      | Gained mutation: You are slightly more attuned to the
                  | shadows. [demonic ancestry]
   109 | D:1      | Reached XP level 2. HP: 21/21 MP: 3/3
   375 | D:1      | HP: 1/21 [bat (1)]
   375 | D:1      | Slain by a goblin

Skill      XL: |  1  2 |
---------------+-------+-----
Crossbows      | 2 |  2.3
Dodging        | 2 |  2.0
Fighting       | |  1.0
Spellcasting   | |  1.0
Hexes          | |  3.4

Action                   || total
-------------------------++-------
 Fire: Hand crossbow     ||    57
Armor: Robe              ||    13
Dodge: Dodged            ||    44
